 Dungeon Crawl Stone Soup version 0.27-a0-1193-g8631133539 (webtiles) character file.

Game seed: 7798734330145232659

213 Strat the Slasher (level 5, -8/39 HPs)
             Began as a Palentonga Fighter on May 26, 2021.
             Was a Follower of Hepliaklqana.
             Mangled by an ogre
             ... wielding a +0 giant spiked club
              (10 damage)
             ... on level 4 of the Dungeon.
             The game lasted 00:04:59 (3953 turns).

Strat the Slasher (Palentonga Fighter)              Turns: 3953, Time: 00:05:00

Health: -8/39      AC:  6    Str: 20    XL:     5   Next: 59%
Magic:  5/5        EV:  5    Int:  9    God:    Hepliaklqana [*.....]
Gold:   179        SH:  8    Dex:  9    Spells: 4/4 levels left

rFire    . . .     SeeInvis +   a - +0 long sword
rCold    . . .     Faith    .   c - +0 kite shield
rNeg     . . .     Spirit   .   b - +0 scale mail
rPois    .         Reflect  .   (no helmet)
rElec    .         Harm     .   (no cloak)
rCorr    .         Rampage  .   (no gloves)
Will     .....                  (no barding)
Stlth    ..........             (no amulet)
HPRegen  0.13/turn              (no ring)
MPRegen  0.09/turn              (no ring)

@: no status effects
A: reduced essence, large, rugged brown scales 3, see invisible, deformed body,
roll 1, armoured tail
a: Rolling Charge, Renounce Religion, Recall Ancestor, Ancestor Identity


You were on level 4 of the Dungeon.
You worshipped Hepliaklqana.
Hepliaklqana was aware of your devotion.
You visited 1 branch of the dungeon, and saw 4 of its levels.

You collected 179 gold pieces.

Inventory:

Hand Weapons
 a - a +0 long sword (weapon)
Missiles
 e - 100 stones
 m - 5 javelins
 n - 3 atropa-tipped darts
 p - 15 poisoned darts (quivered)
Armour
 b - a +0 scale mail (worn)
 c - a +0 kite shield (worn)
 q - a +0 chain mail
Scrolls
 h - 3 scrolls of identify {unknown}
 i - a scroll of noise {unknown}
 j - 3 scrolls of enchant weapon {unknown}
 o - 2 scrolls of magic mapping {unknown}
 r - 2 scrolls of teleportation {unknown}
 s - a scroll of enchant armour {unknown}
 t - a scroll of fog {unknown}
 u - 2 scrolls of torment {unknown}
 v - a scroll of fear {unknown}
Potions
 d - a potion of might
 f - a potion of brilliance {unknown}
 g - 2 potions of flight {unknown}
 k - 3 potions of curing {unknown}
 l - a potion of haste {unknown}


   Skills:
 - Level 3.0 Fighting
 + Level 5.9 Long Blades
 - Level 2.4 Armour
 - Level 2.4 Shields


You had 4 spell levels left.
You didn't know any spells.
Your spell library was empty.

Dungeon Overview and Level Annotations

Branches:
Dungeon (4/15)
 Temple: D:4-7

Altars:
Hepliaklqana


Innate Abilities, Weirdness & Mutations

Your life essence is reduced to manifest your ancestor. (-10% HP)
You are completely covered in rugged brown scales. (AC +3, +7% HP)
You have supernaturally acute eyesight. (SInv)
Armour fits poorly on your strangely shaped body.
You can roll at nearby foes to attack.
You have a long armoured tail.


Message History

Press: ? - help, Dir - move target, f/p - ogre
Aim: an ogre, wielding a +0 giant spiked club (lightly wounded, poisoned, ally target)
You roll forward with a clatter of scales!
You hit the ogre. You tail-slap the ogre.
The ogre is moderately wounded.
You hear an angry hiss.
Vojtech hits the ogre.
The ogre hits Vojtech with a +0 giant spiked club!
Vojtech hits the ogre.
Found 9 arrows.
You catch the helpless ogre completely off-guard!
You hit the ogre.
The ogre is severely wounded.
The ogre hits you with a +0 giant spiked club!
Vojtech hits the ogre.
Your shield and scale mail prevent you from hitting the ogre.
The ogre is almost dead.
Vojtech hits the ogre.
The ogre hits Vojtech with a +0 giant spiked club!!
Vojtech is destroyed!
The ogre shouts!
You hit the ogre but do no damage.
The ogre is almost dead.
You hear an angry hiss.
A ball python comes into view.
The ogre hits you with a +0 giant spiked club!
* * * LOW HITPOINT WARNING * * *
You barely miss the ogre.
The ogre is almost dead.
You block the ogre's attack.
Unknown command.
You barely miss the ogre.
The ogre is almost dead.
The ogre looks more healthy.
The ogre hits you with a +0 giant spiked club!
* * * LOW HITPOINT WARNING * * *
You barely miss the ogre.
The ogre is almost dead.
The ogre hits you with a +0 giant spiked club!
You die...

..# #.#### #...#
..####.# #...# .......#
#.####...### #########
#?#..'...'. ........#
#.#.##...# ........#
#.#.##...# ........#
#.#.##...# ........#
#.#....##
........###.#..S@.###
.)..............O......(
####.#'####.#...........
..........#.##†.......##
#####.....#.##.(......#
#.....#.###.......#
#.....#.# #..##...$.
#.....#.# #... .#.##
#.....#'# ..##


You could see an ogre and a ball python.

Vanquished Creatures
  An iguana (D:4)
  4 adders (D:2)
  An adder skeleton (D:4)
  A worm (D:2)
  3 dart slugs
  3 bats (D:1)
  5 endoplasms
  2 giant cockroaches
  7 goblins
  2 hobgoblins (D:1)
  7 kobolds
  5 quokkas
  4 ball pythons
  4 frilled lizards
  3 rats
52 creatures vanquished.

Vanquished Creatures (collateral kills)
  An ice beast (D:4)
1 creature vanquished.

Vanquished Creatures (others)
  An ancestor (D:4)
1 creature vanquished.

Grand Total: 54 creatures vanquished

Notes
Turn   | Place    | Note
-------+----------+-------------------------------------------
     0 | D:1      | Strat the Palentonga Fighter began the quest for the Orb.
     0 | D:1      | Reached XP level 1. HP: 19/19 MP: 1/1
   181 | D:1      | Reached XP level 2. HP: 20/25 MP: 2/2
   466 | D:1      | Reached skill level 3 in Long Blades
   749 | D:1      | You fall into a shaft and drop 1 floor!
   778 | D:2      | Reached XP level 3. HP: 6/31 MP: 3/3
  1049 | D:2      | Found a faded altar of an unknown god.
  1194 | D:2      | Reached skill level 4 in Long Blades
  1337 | D:2      | Found a hazy altar of Hepliaklqana.
  1343 | D:2      | Became a worshipper of Hepliaklqana the Forgotten
  1726 | D:2      | Reached XP level 4. HP: 23/37 MP: 4/4
  2194 | D:1      | You fall into a shaft and drop 1 floor!
  2568 | D:1      | Reached * piety under Hepliaklqana
  3579 | D:4      | Noticed an ice beast
  3590 | D:4      | Killed an ice beast
  3591 | D:4      | Reached skill level 5 in Long Blades
  3591 | D:4      | Reached XP level 5. HP: 21/39 MP: 5/5
  3940 | D:4      | Noticed an ogre
  3952 | D:4      | HP: 1/39 [ogre/+0 giant spiked club (11)]
  3953 | D:4      | Mangled by an ogre

Illustrated notes

Levels and vault maps discovered:
D:1:      sevenhm_arrival_forest_fort_large_2, layout_loops_corners
D:2:      layout_basic, hellmonk_ecumenical_altar_arch_garden, basic_altar,
          st_stairs_2, chequers_serial_rivers_room_a,
          amcnicky_mini_rare_corridor_liquid
D:3:      layout_basic
D:4:      layout_basic

Skill      XL: |  1  2  3  4 |
---------------+-------------+-----
Long Blades    | 3 4 5 |  5.9
Fighting       | |  3.0
Armour         | |  2.4
Shields        | |  2.4

Action                   |  1- 3 |  4- 6 || total
-------------------------+-------+-------++-------
Melee: Long sword        |   105 |    58 ||   163
       Tailslap          |     8 |     8 ||    16
Throw: Dart              |       |     1 ||     1
 Abil: Rolling Charge    |       |    14 ||    14
 Stab: Distracted        |       |     1 ||     1
Armor: Scale mail        |    54 |    16 ||    70
Dodge: Dodged            |    33 |     8 ||    41
Block: Kite shield       |    44 |     8 ||    52
       Rpst.: Long sword |     7 |     3 ||    10

Table legend: (Time is in decaauts)
 A = Elapsed time spent in this place.
 B = Non-inter-level travel time spent in this place.
 C = Inter-level travel time spent in this place.
 D = Time resting spent in this place.
 E = Time spent auto-exploring this place.
 F = Levels seen in this place.
 G = Mean time per level.
                   A        B        C        D        E       F      G
               +--------+--------+--------+--------+--------+-----+--------+
         Total |   4024 |   3876 |    148 |    445 |   2944 |   4 | 1006.0 |
       Dungeon |   4024 |   3876 |    148 |    445 |   2944 |   4 | 1006.0 |
               +--------+--------+--------+--------+--------+-----+--------+

Top non-repeatable levels by time:
     D:1: 1626 daAuts
     D:2: 1349 daAuts
     D:3: 650 daAuts
     D:4: 398 daAuts
